 Dungeon Crawl Stone Soup version 0.13.0-21-ge43020b (webtiles) character file.

211 Bloax the Ruffian (level 5, 0/49 HPs)
             Began as a Troll Transmuter on Oct 26, 2013.
             Killed from afar by Dowan (16 damage)
             ... with a shard of ice
             ... on Level 4 of the Dungeon.
             The game lasted 00:04:36 (593 turns).

Bloax the Ruffian (Troll Transmuter)                 Turns: 593, Time: 00:04:36

HP   0/49        AC  5     Str 19      XL: 5   Next:  8%
MP   1/3         EV  9     Int  9      God:
Gold 64          SH  0     Dex 10      Spells:  1 memorised,  5 levels left

Res.Fire  : + . .   See Invis. : .     - Unarmed
Res.Cold  : . . .   Warding    : .   c - +0 robe
Life Prot.: . . .   Conserve   : .   (shield restricted)
Res.Poison: .       Res.Corr.  : .   (helmet restricted)
Res.Elec. : .       Clarity    : .   (no cloak)
Sust.Abil.: . .     Spirit.Shd : .   (gloves unavailable)
Res.Mut.  : .       Stasis     : .   (boots unavailable)
Res.Rott. : .       Flight     : .   (no amulet)
Gourmand  : +                        (no ring)
                                     k - cursed ring of protection from fire {unknown}

@: very slightly contaminated, slightly resistant to hostile enchantments,
unstealthy
A: unfitting armour, claws 3, fast metabolism 3, gourmand, regeneration 2,
saprovore 2, tough skin 2, AC +1
a: no special abilities


You were on level 4 of the Dungeon.
You were full.

You visited 1 branch of the dungeon, and saw 4 of its levels.

You collected 44 gold pieces.


Innate Abilities, Weirdness & Mutations

You are too large for most types of armour.
You have claws for hands.
Your metabolism is lightning-fast.
You like to eat raw meat.
You heal very quickly.
You can eat rotten meat.
You are covered in fur (AC +1).
You have very tough skin (AC +2).


   Skills:
 + Level 2.5 Fighting
 - Level 1.5 Dodging
 + Level 4.0 Unarmed Combat
 - Level 1.2 Spellcasting
 + Level 2.4 Transmutations


You had 5 spell levels left.
You knew the following spells:

 Your Spells              Type           Power        Failure   Level  Hunger
a - Beastly Appendage     Trmt           #.....       14%         1    ##.....


Dungeon Overview and Level Annotations

Branches:
Dungeon (5/27)
 Temple: D:4-7

Altars:

Annotations:
D:4 Dowan

Inventory:

Missiles
 b - 12 arrows
Armour
 c - a +0 robe (worn)
Comestibles
 a - 5 meat rations
 f - a bread ration
 l - a choko
Scrolls
 g - a scroll of teleportation {unknown}
 j - a scroll of amnesia {unknown}
 m - a scroll of identify {unknown}
Jewellery
 k - a cursed ring of protection from fire (left claw) {unknown}
   (You found it on level 2 of the Dungeon)
Potions
 e - a potion of agility {unknown}
 h - a potion of brilliance {unknown}
 i - a potion of curing {unknown}
Books
 d - a book of Changes

   Spells                             Type                      Level
   *Beastly Appendage                 Transmutation                1
   Sticks to Snakes                   Transmutation                2
   Spider Form                        Transmutation/Poison         3
   Ice Form                           Ice/Transmutation            4
   Blade Hands                        Transmutation                5

.#.....#.............
.#.....#.............
.#.....#...#########.
.#.....#...'.%.....#
.#######...#.......#
...........#.......#
......<....#.......#
######.....#.......#
#.....#....@..#
#.....'e..)g..#
#.....#..>....#
######....e#.......#
...........#.......#
...........#########.
...................e.
..#########......e...
$ #.....#####


You could see Dowan and a hobgoblin.


Message History

n - a chunk of adder flesh {@*1} You see here an adder skeleton.
Eating a chunk of adder flesh {@*1}.
This raw flesh tastes great.
There is an open door here.
There is a stone staircase leading up here.
Casting: Beastly Appendage You miscast Beastly Appendage.
You are very lightly contaminated with residual magic.
You smell something strange.
You climb upwards.
Level annotation: Dowan, Duvessa The hobgoblin hits you.
Duvessa hits you but does no damage. The hobgoblin hits you.
There is a stone staircase leading down here.
Casting: Beastly Appendage You miscast Beastly Appendage.
Your hair momentarily turns into snakes!
Duvessa hits you with an elven short sword.
The hobgoblin closely misses you.
Casting: Beastly Appendage You grow a pair of large bovine horns.
Your transformation is almost over.
Duvessa hits you with an elven short sword!
Unknown command.
You hit Duvessa.
Duvessa is lightly wounded.
The hobgoblin closely misses you.
Duvessa hits you with an elven short sword!
* * * LOW HITPOINT WARNING * * *
You hit Duvessa.
Duvessa is lightly wounded.
The hobgoblin hits you.
* * * LOW HITPOINT WARNING * * *
Duvessa barely misses you.
You barely miss Duvessa. You headbutt Duvessa!
Duvessa is moderately wounded.
The hobgoblin hits you.
* * * LOW HITPOINT WARNING * * *
Unknown command.
You hit Duvessa.
Duvessa is moderately wounded.
Duvessa closely misses you. The hobgoblin hits you.
* * * LOW HITPOINT WARNING * * *
Unknown command.
You claw Duvessa!
Duvessa is severely wounded.
Duvessa hits you with an elven short sword.
* * * LOW HITPOINT WARNING * * *
The hobgoblin closely misses you.
Unknown command.
The hobgoblin barely misses you.
Your horns disappear.
Dowan shouts!
The hobgoblin hits you but does no damage.
Dowan points at Duvessa and mumbles some strange words.
Duvessa seems to speed up.
You hit Duvessa but do no damage.
Duvessa is severely wounded.
Duvessa hits you but does no damage. The hobgoblin misses you.
Unknown command.
The hobgoblin closely misses you. Duvessa hits you but does no damage.
You claw Duvessa!
You kill Duvessa!
Dowan seems to find hidden reserves of power!
Your Unarmed Combat skill increases to level 4!
You have reached level 5!
The hobgoblin barely misses you.
Dowan points at you and mumbles some strange words.
The shard of ice hits you!
You die...

Action                   |  1- 3 |  4- 6 || total
-------------------------+-------+-------++-------
Melee: Unarmed           |    64 |     7 ||    71
 Cast: Beastly Appendage |     1 |     1 ||     2
  Use: Scroll            |     1 |       ||     1

Vault maps used:
D:1:      dpeg_entry_pits, moated_statue
D:2:      infiniplex_staircase_pool_1, roderic_Roman_lattice
D:4:      gammafunk_temple_overflow_forgotten, makhleb_altar_promises_db,
          uniq_duvessa
D:5:      first_bread, serial_shops, shop, serial_undead, serial_undead_f,
          serial_undead_d, serial_undead_b, serial_undead_a, bloody_trog

Notes
Turn   | Place    | Note
--------------------------------------------------------------
     0 | D:1      | Bloax, the Troll Transmuter, began the quest for the Orb.
     0 | D:1      | Reached XP level 1. HP: 19/19 MP: 1/1
   199 | D:2      | Reached skill level 1 in Fighting
   226 | D:2      | Reached XP level 2. HP: 17/27 MP: 1/1
   405 | D:2      | Reached XP level 3. HP: 33/33 MP: 2/2
   447 | D:2      | You fall through a shaft!
   460 | D:4      | Reached skill level 2 in Transmutations
   517 | D:4      | Noticed Duvessa
   521 | D:4      | Noticed Dowan
   534 | D:5      | Entered Level 5 of the Dungeon
   539 | D:5      | Reached skill level 2 in Fighting
   556 | D:5      | Reached XP level 4. HP: 34/42 MP: 3/3
   584 | D:4      | HP: 9/42 [Duvessa/elven short sword (6)]
   593 | D:4      | Killed Duvessa
   593 | D:4      | Reached skill level 4 in Unarmed Combat
   593 | D:4      | Reached XP level 5. HP: 15/49 MP: 1/3
   593 | D:4      | Killed from afar by Dowan

Vanquished Creatures
  Duvessa (D:4)
  A worker ant (D:4)
  3 adders
  A worm (D:2)
  A giant mite (D:2)
  A ball python (D:2)
  A giant cockroach (D:2)
  A hobgoblin (D:1)
  4 bats
  2 giant geckos (D:2)
  2 jackals (D:4)
  3 rats (D:2)
21 creatures vanquished.
